 Dungeon Crawl Stone Soup version 0.29.1-12-g30fa7ad0bf (webtiles) character file.

Game seed: 16044904029034349781

893 hawla the Firebug (level 8, -4/50 (58) HPs)
             Began as a Meteoran Fire Elementalist on Jan 9, 2023.
             Slain by Edmund
             ... wielding a +0 dire flail of draining
              (7 damage)
             ... on level 5 of the Dungeon.
             The game lasted 00:06:44 (1443 turns).

hawla the Firebug (Meteoran Fire Elementalist)      Turns: 1443, Time: 00:06:45

HP:   -4/50 (58)    AC:  2    Str: 10    XL:     8   Next: 52%
MP:   1/18          EV: 13    Int: 19    God:
Gold: 195           SH:  0    Dex: 14    Spells: 12/19 levels left

rFire   . . .      SeeInvis .   n - +0 falchion
rCold   . . .      Faith    .   (no shield)
rNeg    . . .      Spirit   .   a - +0 robe
rPois   .          Reflect  .   (no helmet)
rElec   .          Harm     .   (no cloak)
rCorr   .          Rampage  .   (no gloves)
Will    +....                   (no boots)
Stlth   +.........              (no amulet)
HPRegen 0.16/turn               (no ring)
MPRegen 0.16/turn               (no ring)

@: glowing, heavily drained
A: sense surroundings 1, otherworldly, glowing, explore regen
a: no special abilities


You were on level 5 of the Dungeon.
You visited 1 branch of the dungeon, and saw 5 of its levels.

You collected 195 gold pieces.

Inventory:

Hand Weapons
 n - a +0 falchion (weapon)
Armour
 a - a +0 robe (worn)
Wands
 k - a wand of flame (31)
Scrolls
 d - 3 scrolls of teleportation {unknown}
 g - a scroll of noise {unknown}
 h - a scroll of immolation {unknown}
 i - a scroll of poison {unknown}
 j - a scroll of summoning {unknown}
 m - 3 scrolls of vulnerability {unknown}
 o - a scroll of fog {unknown}
 p - a scroll of blinking {unknown}
Potions
 b - a potion of magic
 c - a potion of attraction
 e - a potion of lignification
 f - 2 potions of curing
 l - a potion of invisibility {unknown}


   Skills:
 + Level 0.4 Fighting
 + Level 4.0 Dodging
 - Level 1.4 Stealth
 + Level 6.4 Spellcasting
 + Level 5.7 Conjurations
 + Level 6.4 Fire Magic
 + Level 2.0 Evocations


You had 12 spell levels left.
You knew the following spells:

 Your Spells              Type           Power      Damage    Failure   Level
a - Foxfire               Conj/Fire      100%       2x1d9     1%          1
b - Scorch                Fire           60%        2d8       1%          2
c - Flame Wave            Conj/Fire      29%        2d9       9%          4

Your spell library contained the following spells:

 Spells                   Type           Power      Damage    Failure   Level
 Conjure Flame            Conj/Fire      29%        6-21      2%          3
 Inner Flame              Hex/Fire       18%        N/A       9%          3
 Beastly Appendage        Tmut           12%        N/A       11%         1
 Sublimation of Blood     Necr           6%         N/A       16%         2
 Wereblood                Tmut           6%         N/A       16%         2
 Spider Form              Tmut/Pois      6%         N/A       32%         3
 Irradiate                Conj/Tmut      8%         3d14      67%         5
 Passage of Golubria      Tloc           6%         N/A       71%         4
 Petrify                  Tmut/Erth      6%         N/A       71%         4
 Silence                  Hex/Air        3%         N/A       96%         5
 Lehudib's Crystal Spear  Conj/Erth      8%         10d4      100%        8


Dungeon Overview and Level Annotations

Branches:
Dungeon (5/15) Zot: 1550   Temple (0/1) D:5

Altars:
Hepliaklqana
Wu Jian

Shops:
D:4 :

Annotations:
D:5 Edmund


Innate Abilities, Weirdness & Mutations

You passively map a small area around you.
You are easily found by Zot.
You glow in the dark.
You regain HP and MP as you explore.


Message History

A wave of flame ripples out!
The flame wave engulfs Edmund.
Edmund is lightly wounded.
Edmund hits you with a +0 dire flail of draining!
You feel drained.
A wave of flame ripples out!
The flame wave engulfs Edmund.
Edmund is burned terribly!
Edmund is moderately wounded.
You finish channelling waves of flame.
Edmund hits you with a +0 dire flail of draining.
You feel drained.
Unknown command.
Casting: Flame Wave (dangerous; 9% risk of failure)
Confirm with . or Enter, or press ? or * to list all spells.
Flames lash Edmund.
Edmund is moderately wounded.
Edmund misses you.
Casting: Scorch (safe; 1% risk of failure)
Confirm with . or Enter, or press ? or * to list all spells.
Flames lash Edmund.
Edmund is burned terribly!
Edmund is severely wounded.
Edmund hits you with a +0 dire flail of draining!
You feel drained.
Casting: Scorch (safe; 1% risk of failure)
Confirm with . or Enter, or press ? or * to list all spells.
Flames lash Edmund.
Edmund is burned terribly!
Edmund is almost dead.
Edmund closely misses you.
Casting: Scorch (safe; 1% risk of failure)
Confirm with . or Enter, or press ? or * to list all spells.
Flames lash Edmund but do no damage.
Edmund hits you with a +0 dire flail of draining.
You feel drained.
Casting: Scorch (safe; 1% risk of failure)
Confirm with . or Enter, or press ? or * to list all spells.
Flames lash Edmund.
Edmund is almost dead.
Edmund hits you with a +0 dire flail of draining!
* * * LOW HITPOINT WARNING * * *
You feel drained.
You die...

* #.........#
.........# .........#
........# ###>.....(#
#.........## * *
#...@....... , #...@.#
#######** ####'###
#.....#
#....#####.....##
##..#.....'......#
#.........###......##
#..≈≈≈...............
,
#.≈≈≈≈≈(.##...####.##*
, #.≈≈_≈≈.............
#.≈≈.≈≈...###..#.#. ,*


You could see Edmund (combustible).

Vanquished Creatures
  The ghost of ThatPearl the Shooter, an amateur KoHu of Lugonu (D:4)
  A water moccasin (D:5)
  An ice beast (D:5)
  Blork the orc (D:4)
  2 scorpions
  An orc priest (D:4)
  3 hounds
  A jelly (D:4)
  An iguana (D:5)
  2 orc wizards (D:4)
  4 adders
  4 gnolls (D:4)
  A worm (D:2)
  A dart slug (D:4)
  4 orcs (D:4)
  An endoplasm (D:2)
  2 giant cockroaches
  2 goblins
  5 hobgoblins
  3 quokkas
  9 ball pythons
  2 bats
  A frilled lizard (D:2)
  3 rats
56 creatures vanquished.

Vanquished Creatures (collateral kills)
  A foxfire (D:2)
1 creature vanquished.

Vanquished Creatures (others)
  72 foxfires
  3 fungi (D:2)
  3 plants (D:2)
78 creatures vanquished.

Grand Total: 135 creatures vanquished

Notes
Turn   | Place    | Note
-------+----------+-------------------------------------------
     0 | D:1      | hawla the Meteoran Fire Elementalist began the quest for
                  | the Orb.
     0 | D:1      | Reached XP level 1. HP: 14/14 MP: 5/5
     1 | D:1      | Found a hazy altar of Hepliaklqana.
    85 | D:1      | Reached XP level 2. HP: 19/20 MP: 2/6
   107 | D:1      | Learned a level 2 spell: Scorch
   227 | D:2      | Found a faded altar of an unknown god.
   248 | D:2      | Reached XP level 3. HP: 26/26 MP: 5/8
   422 | D:4      | Reached XP level 4. HP: 33/33 MP: 5/10
   453 | D:4      | Reached skill level 5 in Fire Magic
   453 | D:4      | Reached XP level 5. HP: 33/38 MP: 3/11
   505 | D:4      | Found Ogeasoje's Book Boutique.
   589 | D:4      | Reached XP level 6. HP: 45/45 MP: 8/13
   612 | D:4      | Learned a level 4 spell: Flame Wave
   734 | D:4      | Noticed Blork the orc
   742 | D:4      | Killed Blork the orc
   758 | D:4      | Reached XP level 7. HP: 35/50 MP: 0/14
   934 | D:4      | Found a runed translucent door.
   935 | D:4      | Noticed ThatPearl's ghost (amateur KoHu)
   945 | D:4      | Killed ThatPearl's ghost
   946 | D:4      | Reached skill level 5 in Conjurations
   946 | D:4      | Reached skill level 5 in Spellcasting
  1086 | D:5      | Entered Level 5 of the Dungeon
  1102 | D:5      | Noticed a water moccasin
  1106 | D:5      | Killed a water moccasin
  1107 | D:5      | Reached XP level 8. HP: 40/57 MP: 8/17
  1413 | D:5      | Found an ornate altar of the Wu Jian Council.
  1432 | D:5      | Noticed Edmund
  1443 | D:5      | Slain by Edmund

Illustrated notes

Levels and vault maps discovered:
D:1:      sevenhm_arrival_forest_fort_small_6, layout_basic
D:2:      layout_basic, shapermc_ecumenical_altar_mp_urbaneastern
D:3:      layout_loops_ring, minmay_joined_circles, uniq_jessica,
          uniq_crazy_yiuf_cottage
D:4:      minmay_general_purpose_star, layout_basic,
          ebering_ghost_reflecting_pool, serial_shops, nicolae_lakefront_shop,
          hangedman_decor_slide_cut, uniq_blork_the_orc
D:5:      layout_basic, mainiacjoe_overflow_catwalk, minmay_temple_entry_hall,
          uniq_edmund

Skill      XL: |  1  2  3  4  5  6  7  8 |
---------------+-------------------------+-----
Fire Magic     | 4 5 6 |  6.4
Dodging        | 3 4 |  4.0
Spellcasting   | 3 4 5 6 |  6.4
Conjurations   | 4 5 |  5.7
Evocations     | 2 |  2.0
Fighting       | |  0.4
Stealth        | |  1.4

Action                   |  1- 3 |  4- 6 |  7- 9 || total
-------------------------+-------+-------+-------++-------
Melee: Unarmed           |     8 |    12 |       ||    20
       Punch             |       |     1 |       ||     1
       Falchion          |       |       |    15 ||    15
 Cast: Foxfire           |    23 |    12 |     9 ||    44
       Scorch            |     3 |    19 |    29 ||    51
       Flame Wave        |       |       |     2 ||     2
  Use: Scroll            |     1 |     1 |     1 ||     3
       Potion            |       |     2 |       ||     2
Armor: Robe              |     8 |     2 |    10 ||    20
       Skin              |       |     9 |       ||     9
Dodge: Dodged            |    13 |     3 |    28 ||    44
